Cogmind - Beta 9.6 @@@ ROGUE MODE // 2020.05.22 @ 14:44:23 Player: Pimski Result: Self-destructed Performance ------------- Evolutions (2) 1000 Regions Visited (7) 1400 Robots Destroyed (101) 505 Value Destroyed (1849) 1849 Prototype IDs (33) 660 Alien Tech Used (0) 0 Bonus (567) 567 TOTAL SCORE: 5981 Bonus ------- High Alert Combat Kills 39 Follower Combat Kills 273 Aligned with FarCom 300 Friendly Fire -45 Cogmind --------- Core Integrity 550/550 Matter 221/300 Energy 115/125 System Corruption 0% Temperature Cool (0) Movement Treading (180) Ox1 Location -8/Materials Parts ------- > --- POWER (1) -------- Light Ion Engine > --- PROPULSION (3) --- Light Treads Light Treads Light Treads > --- UTILITY (5) ------ Large Storage Unit High-capacity Storage Unit High-capacity Storage Unit Hardened Medium Armor Plating > --- WEAPON (2) ------- Heavy Assault Rifle Heavy Assault Rifle > --- INVENTORY (26) --- Light Angular Momentum Engine Graviton Reactor Enhanced Biometal Leg Enhanced Biometal Leg Flying Fortress v7 Advanced Power Amplifier Experimental Heat Sink Medium Storage Unit Large Storage Unit Experimental Energy Well (1000) Hardened Heavy Armor Plating Thermal Barrier EM Disruption Field Assault Rifle Light Assault Rifle Light Assault Rifle Mini Grenade Launcher Heavy Missile Launcher Field Lobotomy Kit Plasma Cutter Chainsword Peak State ------------ > --- POWER ------------ Graviton Reactor > --- PROPULSION ------- Light Treads Light Treads > --- UTILITY ---------- High-capacity Storage Unit High-capacity Storage Unit Hardened Heavy Armor Plating > --- WEAPON ----------- Heavy Assault Rifle Heavy Assault Rifle > --- INVENTORY -------- Light Angular Momentum Engine Light Treads Flying Fortress v7 Advanced Power Amplifier Experimental Heat Sink Medium Storage Unit Large Storage Unit Large Storage Unit Hardened Medium Armor Plating Thermal Barrier EM Disruption Field Assault Rifle Light Assault Rifle Heavy Missile Launcher Field Lobotomy Kit Plasma Cutter Chainsword [Rating: 34] Favorites ----------- Power Light Ion Engine Engine Light Ion Engine Reactor Graviton Reactor Propulsion Light Treads Treads Light Treads Leg Aluminum Leg Wheel Compact Wheel Utility High-capacity Storage Unit Device Advanced Power Amplifier Storage High-capacity Storage Unit Protection Hardened Medium Armor Plating Weapon Heavy Assault Rifle Energy Gun Medium Laser Ballistic Gun Heavy Assault Rifle Special Weapon Plasma Cutter Slashing Weapon Chainsword Build | -11 -10 -10 -9 -9 -9 -8 -8 ------- Run | Scr Mat Min Mat Min Exi Min Mat Slots Evolved 4 | . . . 2 . . . 2 Power . | . . . . . . . . Propulsion 1 | . . . . . . . 1 Utility 3 | . . . 2 . . . 1 Weapon . | . . . . . . . . Parts Attached 68 | 1 16 2 16 . 4 28 1 Power 8 | . 3 . 2 . . 3 . Engine 7 | . 3 . 2 . . 2 . Core . | . . . . . . . . Reactor 1 | . . . . . . 1 . Propulsion 15 | . 2 . 5 . . 7 1 Treads 14 | . 2 . 5 . . 6 1 Leg . | . . . . . . . . Wheel 1 | . . . . . . 1 . Hover . | . . . . . . . . Flight . | . . . . . . . . Utility 28 | 1 4 . 5 . 4 14 . Device 5 | . . . . . . 5 . Storage 13 | 1 4 . 2 . 4 2 . Processor . | . . . . . . . . Hackware . | . . . . . . . . Protection 10 | . . . 3 . . 7 . Artifact . | . . . . . . . . Weapon 17 | . 7 2 4 . . 4 . Energy Gun 5 | . 5 . . . . . . Energy Cannon . | . . . . . . . . Ballistic Gun 10 | . 2 2 4 . . 2 . Ballistic Cannon . | . . . . . . . . Launcher . | . . . . . . . . Special Weapon 1 | . . . . . . 1 . Impact Weapon . | . . . . . . . . Slashing Weapon 1 | . . . . . . 1 . Piercing Weapon . | . . . . . . . . Special Melee Weapon . | . . . . . . . . Unidentified Prototypes 6 | . . . . . . 6 . Parts Lost 21 | . 5 1 4 . . 11 . Power 2 | . . . 1 . . 1 . Propulsion 6 | . . . 1 . . 5 . Utility 4 | . . . 1 . . 3 . Weapon 9 | . 5 1 1 . . 2 . Highest Loss Streak 11 | . 1 1 2 . . 11 . Average Slot Usage (%) 95 | . 99 100 99 100 100 82 . Engine 10 | . 14 14 10 11 11 4 . Treads 19 | . 6 28 22 22 22 21 . Leg 4 | . 21 . . . . . . Storage 28 | . 28 28 33 33 33 22 . Protection 7 | . . . 11 11 11 10 . Energy Gun 3 | . 18 . . . . . . Ballistic Gun 19 | . 9 27 21 22 22 19 . Naked Turns . | . . . . . . . . Heaviest Build 101 | 13 56 56 85 85 101 101 . Greatest Support 43 | 20 40 40 43 43 43 43 . Greatest Overweight (x) 5 | . 2 1 4 1 2 5 . Average Overweight (x) 1 | . 1 1 1 1 1 2 . Largest Inventory Capacity 26 | 8 18 18 24 24 26 26 26 Average Capacity 20 | 6 16 18 23 24 24 20 26 Most Carried 26 | 6 18 18 24 24 26 26 25 Average Carried 19 | 6 15 17 22 23 24 17 25 Final Capacity 26 | 8 18 18 24 24 26 26 26 Final Carried 26 | 6 18 18 24 24 26 26 25 Class Distribution -------------------- 53% | Hauler-Mutant 33% | Mutant 12% | Scavenger-Mutant Dominant Class ---------------- Mutant | -10/Materials Mutant | -10/Mines Hauler-Mutant | -9/Materials Hauler-Mutant | -9/Mines Hauler-Mutant | -9/Exiles Hauler-Mutant | -8/Mines Hauler-Mutant | -8/Materials Resources | -11 -10 -10 -9 -9 -9 -8 -8 ----------- Run | Scr Mat Min Mat Min Exi Min Mat Matter Collected 1813 | 210 198 53 558 84 30 680 . Remotely . | . . . . . . . . Salvage Created 3289 | 51 983 186 1379 223 40 427 . Parts 216 | 2 61 7 92 19 4 31 . Haulers Intercepted 5 | . 2 . 3 . . . . Recyclers Shooed 7 | . 2 . 4 1 . . . Parts Field Recycled . | . . . . . . . . Retrieved Matter . | . . . . . . . . Parts Self-Destructed . | . . . . . . . . Prevented . | . . . . . . . . Kills | -11 -10 -10 -9 -9 -9 -8 -8 ------- Run | Scr Mat Min Mat Min Exi Min Mat Combat Hostiles Destroyed 68 | . 16 6 27 7 . 12 . Guns 67 | . 16 6 26 7 . 12 . AOE 1 | . . . 1 . . . . Classes Destroyed 12 | 1 6 . 2 . 1 2 . Worker 4 | . 3 . 1 . . . . Builder 2 | . . . . . . 2 . Tunneler 1 | . . . . . . 1 . Hauler 5 | . 2 . 3 . . . . Recycler 10 | 1 4 . 4 . . 1 . Operator 4 | . 4 . . . . . . Watcher 5 | . 2 . 3 . . . . Swarmer 38 | . 9 3 14 3 . 9 . Grunt 21 | . 7 3 4 4 . 3 . Brawler 1 | . . . 1 . . . . Sentry 8 | . . . 8 . . . . Zionite 2 | . . . . . 2 . . Best Kill Streak 5 | 1 5 3 5 3 1 4 . Combat Bots Only 5 | . 3 3 5 3 . 4 . Max Kills in Single Turn 2 | 1 2 1 2 1 1 2 . Gunslinging 1 | . 1 . 1 . . 1 . Exploded 1 | . . . 1 . . . . Melee . | . . . . . . . . Uniques/NPCs Destroyed . | . . . . . . . . Combat | -11 -10 -10 -9 -9 -9 -8 -8 -------- Run | Scr Mat Min Mat Min Exi Min Mat Damage Taken 4606 | . 618 301 1147 178 . 2362 . Core 481 | . 60 63 75 10 . 273 . Absorbed by Shields . | . . . . . . . . Core Remaining (%) 53 | 100 . 50 . . . 10 . Volleys Fired 286 | 3 97 16 90 14 4 62 . Largest 2 | 2 2 2 2 2 1 2 . Hottest 100 | 80 100 70 46 46 23 46 . Shots Fired 564 | 6 192 32 180 28 4 122 . Gun 557 | 6 192 32 180 28 4 115 . Cannon . | . . . . . . . . Launcher . | . . . . . . . . Special 7 | . . . . . . 7 . Kinetic 413 | . 59 27 180 28 4 115 . Thermal 151 | 6 133 5 . . . 7 . Explosive . | . . . . . . . . Electromagnetic . | . . . . . . . . Robot Hit Streak 39 | 2 12 11 39 11 3 14 . Robot Miss Streak 4 | 1 3 2 4 4 1 3 . Penetration Max . | . . . . . . . . Secondary Targets 14 | . 3 2 5 2 . 2 . Max Gunslinging Chain 1 | . 1 1 1 1 . 1 . Shots Hit Robots 382 | 4 124 22 128 19 3 82 . Core Hits 161 | 2 53 11 56 10 2 27 . Critical Hits 5 | . . 1 . . . 4 . Critical Kills 2 | . . . . . . 2 . Critical Parts Destroyed 2 | . . 1 . . . 1 . Melee Attacks 10 | . . . . . . 10 . Impact . | . . . . . . . . Slashing 10 | . . . . . . 10 . Piercing . | . . . . . . . . Sneak Attacks . | . . . . . . . . Combat Hostiles . | . . . . . . . . Follow-up Attacks . | . . . . . . . . Damage Inflicted 5158 | 46 1415 201 1921 263 46 1266 . Guns 4659 | 46 1415 198 1678 263 46 1013 . Cannons . | . . . . . . . . Explosions 225 | . . . 225 . . . . Melee 164 | . . . . . . 164 . Ramming 85 | . . 3 18 . . 64 . Kinetic 3446 | . 289 157 1678 263 46 1013 . Thermal 1238 | 46 1126 41 . . . 25 . Explosive 225 | . . . 225 . . . . Electromagnetic . | . . . . . . . . Impact . | . . . . . . . . Slashing 164 | . . . . . . 164 . Piercing . | . . . . . . . . Highest Corruption 22 | . 2 2 . . . 22 . Average Corruption 10 | . 2 2 . . . 21 . Corruption Purged . | . . . . . . . . Effects 183 | . 19 16 . . . 148 . Message Errors 37 | . 8 6 . . . 23 . Matter Fused 23 | . . . . . . 23 . Heat Flow Errors 19 | . 3 5 . . . 11 . Energy Discharges 18 | . 3 2 . . . 13 . Data Loss (minor) 18 | . 4 3 . . . 11 . Data Loss (major) 4 | . . . . . . 4 . Misfires 10 | . . . . . . 10 . Alerts 3 | . . . . . . 3 . Misdirections 25 | . . . . . . 25 . Targeting Errors 23 | . 1 . . . . 22 . Weapon Failures 3 | . . . . . . 3 . Overload Shots . | . . . . . . . . Overflow Damage 80 | . . . 80 . . . . Projectiles . | . . . . . . . . Explosions 80 | . . . 80 . . . . Melee . | . . . . . . . . Knockbacks 1 | . . . 1 . . . . Impact 1 | . . . 1 . . . . Kinetic . | . . . . . . . . Secondary . | . . . . . . . . Self-Inflicted Damage 95 | . . . 95 . . . . Shots 1 | . . . 1 . . . . Rammed 9 | . . 1 3 . . 5 . Targets Rammed 9 | . . 1 3 . . 5 . Kicked . | . . . . . . . . Crushed . | . . . . . . . . Highest Temperature 460 | 56 312 238 15 17 . 460 . Average Temperature 73 | 26 83 70 4 9 . 97 . Received Heat Transfer 702 | . 171 99 228 60 . 144 . Effects 4 | . 3 . . . . 1 . Shutdowns 2 | . 1 . . . . 1 . Interference 2 | . 2 . . . . . . Siege Activations . | . . . . . . . . Robots Corrupted . | . . . . . . . . Combat Hostiles . | . . . . . . . . Parts Fried . | . . . . . . . . Impact Corruptions . | . . . . . . . . Robots Melted . | . . . . . . . . Combat Hostiles . | . . . . . . . . Parts Melted 3 | . 3 . . . . . . Heat Transferred 3262 | 100 3006 111 . . . 45 . Parts Sabotaged . | . . . . . . . . Parts Stolen . | . . . . . . . . Parts Stripped . | . . . . . . . . Power Chain Reactions . | . . . . . . . . Missiles Intercepted . | . . . . . . . . Alert | -11 -10 -10 -9 -9 -9 -8 -8 ------- Run | Scr Mat Min Mat Min Exi Min Mat Peak Influence 477 | 5 182 205 477 286 . 185 14 Average Influence 129 | 4 94 54 306 169 . 47 14 Maximum Alert Level 2 | . . 1 2 1 . . . Low Security (%) 76 | 100 100 96 13 66 . 100 100 Level 1 20 | . . 3 74 33 . . . Level 2 2 | . . . 11 . . . . Level 3 . | . . . . . . . . Level 4 . | . . . . . . . . Level 5 . | . . . . . . . . High Security . | . . . . . . . . Max Security . | . . . . . . . . Squads Dispatched 7 | . 4 . 2 1 . . . Investigation 2 | . 1 . . 1 . . . Extermination . | . . . . . . . . Reinforcement 5 | . 3 . 2 . . . . Assault . | . . . . . . . . Garrison . | . . . . . . . . Intercept . | . . . . . . . . Construction Impeded . | . . . . . . . . Haulers Reinforced . | . . . . . . . . Stealth | -11 -10 -10 -9 -9 -9 -8 -8 --------- Run | Scr Mat Min Mat Min Exi Min Mat Distress Signals 2 | . 1 . 1 . . . . Communications Jammed . | . . . . . . . . Distress Signals . | . . . . . . . . Times Spotted 106 | . 32 8 44 6 1 15 . Peak Tracking Total 6 | . 4 2 6 2 2 4 . Tactical Retreats 2 | . . . . . . 2 . Traps | -11 -10 -10 -9 -9 -9 -8 -8 ------- Run | Scr Mat Min Mat Min Exi Min Mat Traps Triggered 3 | . 2 1 . . . . . Indirectly . | . . . . . . . . Trap Hack Attempts . | . . . . . . . . Triggered . | . . . . . . . . Disarmed . | . . . . . . . . Reprogrammed . | . . . . . . . . Reused . | . . . . . . . . Traps Extracted . | . . . . . . . . Installed . | . . . . . . . . Triggered . | . . . . . . . . Machines | -11 -10 -10 -9 -9 -9 -8 -8 ---------- Run | Scr Mat Min Mat Min Exi Min Mat Machines Disabled 2 | . . . 1 1 . . . Max in Single Turn 1 | . . . 1 . . . . Machines Sabotaged . | . . . . . . . . Garrisons Compromised . | . . . . . . . . Overloaded Fab Kills . | . . . . . . . . Fab Network Shutdowns . | . . . . . . . . Hacking | -11 -10 -10 -9 -9 -9 -8 -8 --------- Run | Scr Mat Min Mat Min Exi Min Mat Machines Accessed 19 | . 8 2 6 1 2 . . Terminals 10 | . 5 1 4 . . . . Fabricators . | . . . . . . . . Repair Stations 2 | . 1 . 1 . . . . Recycling Units 2 | . 2 . . . . . . Scanalyzers 1 | . . . 1 . . . . Garrison Access . | . . . . . . . . Total Hacks 54 | . 25 3 23 1 2 . . Successful 43 | . 16 2 22 1 2 . . Failed 11 | . 9 1 1 . . . . Catastrophic 1 | . . . 1 . . . . Database Lockouts . | . . . . . . . . Manual 22 | . 13 2 6 . 1 . . Terminals 29 | . 17 2 10 . . . . Fabricators . | . . . . . . . . Repair Stations 9 | . 4 . 5 . . . . Recycling Units 4 | . 4 . . . . . . Scanalyzers 8 | . . . 8 . . . . Garrison Access . | . . . . . . . . Terminal Hacks 19 | . 7 2 7 1 2 . . Record 1 | . . . . . 1 . . Robot Analysis 4 | . 3 . 1 . . . . Prototype ID Bank 3 | . 2 1 . . . . . Open Door 2 | . . 1 . 1 . . . Branch Access Points 1 | . 1 . . . . . . Alert Level 2 | . . . 2 . . . . Unreport Threat 1 | . . . 1 . . . . Locate Traps 2 | . 1 . 1 . . . . Hauler Manifests 1 | . . . 1 . . . . Registered Components 1 | . . . 1 . . . . EX-Prototype ID Bank 1 | . . . . . 1 . . Fabricator Hacks . | . . . . . . . . Repair Station Hacks 9 | . 4 . 5 . . . . Scan Component 5 | . 2 . 3 . . . . Repair 4 | . 2 . 2 . . . . Recycling Unit Hacks 2 | . 2 . . . . . . Retrieve Components 2 | . 2 . . . . . . Scanalyzer 8 | . . . 8 . . . . Insert Component 4 | . . . 4 . . . . Analyze 4 | . . . 4 . . . . Garrison Access Hacks . | . . . . . . . . Unauthorized Hacks 5 | . 3 . 2 . . . . Terminals 4 | . 2 . 2 . . . . Botnet 4 | . 2 . 2 . . . . Fabricators . | . . . . . . . . Repair Stations . | . . . . . . . . Recycling Units 1 | . 1 . . . . . . Mask 1 | . 1 . . . . . . Scanalyzers . | . . . . . . . . Garrison Access . | . . . . . . . . Data Cores Recovered 1 | . 1 . . . . . . Used 1 | . 1 . . . . . . Hacking Detections 13 | . 7 1 5 . . . . Full Trace Events 1 | . . . 1 . . . . Feedback Events . | . . . . . . . . Feedback Blocked . | . . . . . . . . Robot Schematics Acquired . | . . . . . . . . Robots Built . | . . . . . . . . Matter . | . . . . . . . . Time . | . . . . . . . . Total Robot Build Rating . | . . . . . . . . Part Schematics Acquired 4 | . . . 4 . . . . Parts Built . | . . . . . . . . Matter . | . . . . . . . . Time . | . . . . . . . . Total Part Build Rating . | . . . . . . . . Parts Repaired 4 | . 2 . 2 . . . . Time 110 | . 52 . 58 . . . . Parts Recycled . | . . . . . . . . Recycled Matter . | . . . . . . . . Retrieved Matter . | . . . . . . . . Retrieved Components 11 | . 11 . . . . . . Parts Scanalyzed 4 | . . . 4 . . . . Part Schematics Acquired 4 | . . . 4 . . . . Parts Damaged 1 | . . . 1 . . . . Bothacking | -11 -10 -10 -9 -9 -9 -8 -8 ------------ Run | Scr Mat Min Mat Min Exi Min Mat Used RIF Installer . | . . . . . . . . Robots Hacked . | . . . . . . . . Non-combat . | . . . . . . . . Combat . | . . . . . . . . Robot Hacks Applied . | . . . . . . . . Relay Couplers Released . | . . . . . . . . Robots Rewired . | . . . . . . . . Allies Hacked . | . . . . . . . . Hacks Repelled . | . . . . . . . . Allies | -11 -10 -10 -9 -9 -9 -8 -8 -------- Run | Scr Mat Min Mat Min Exi Min Mat Total Allies 6 | . . 5 . 1 . . . Largest Group 5 | . . 5 4 1 . . . Highest-Rated Group 84 | . . 84 68 31 . . . Highest-Rated Ally 31 | . . 31 28 31 . . . Total Orders . | . . . . . . . . Ally Attacks 44 | . . 21 18 5 . . . Total Damage 534 | . . 211 237 86 . . . Kills 13 | . . 3 6 4 . . . Allies Corrupted . | . . . . . . . . Allies Melted . | . . . . . . . . Intel | -11 -10 -10 -9 -9 -9 -8 -8 ------- Run | Scr Mat Min Mat Min Exi Min Mat Robot Analysis Total 4 | . 3 . 1 . . . . Derelict Logs Recovered 4 | . . 2 . 2 . . . Drone Launches . | . . . . . . . . Drone Recoveries . | . . . . . . . . Exploration | -11 -10 -10 -9 -9 -9 -8 -8 ------------- Run | Scr Mat Min Mat Min Exi Min Mat Turns Passed 8477 | 37 1765 1079 1724 573 1135 2163 1 Spaces Moved 3848 | 23 790 551 673 286 586 939 . Core . | . . . . . . . . Treads 3214 | . 183 551 673 286 586 935 . Legs 630 | 23 607 . . . . . . Wheels 4 | . . . . . . 4 . Hover . | . . . . . . . . Flight . | . . . . . . . . Fastest Speed 120 | 120 120 180 180 180 180 150 . Average Speed 183 | 120 166 180 188 180 185 199 . Slowest Speed 240 | 120 180 180 240 180 200 240 . Overloaded Moves . | . . . . . . . . Propulsion Burnouts . | . . . . . . . . Robots Hopped . | . . . . . . . . Cave-ins Triggered . | . . . . . . . . Exploration Rate (%) 61 | 3 96 93 61 67 70 102 1 Regions Visited 7 Branch Regions 4 Pre-discovered Areas 4 | . . 1 . 2 1 . . Known Exits Taken 1 | . 1 . . . . . . Unknown Exits Taken 6 | 1 . 1 1 1 1 1 . Scrap Searched 2 | . . 1 . . . 1 . Spaces Dug . | . . . . . . . . Terrain Destroyed 30 | . . . 30 . . . . Melee . | . . . . . . . . Projectile . | . . . . . . . . AOE 30 | . . . 30 . . . . Actions | -11 -10 -10 -9 -9 -9 -8 -8 --------- Run | Scr Mat Min Mat Min Exi Min Mat Total 4720 | 26 1062 614 971 320 640 1086 1 Wait 346 | . 128 33 146 10 23 6 . Move 3841 | 22 789 550 672 285 585 938 . Hop . | . . . . . . . . Pick Up 86 | . 22 6 25 5 10 18 . Fast Attach 20 | 1 1 1 4 . . 13 . Attach 26 | . 7 1 6 . . 11 1 Detach 4 | . . . . . . 4 . Swap 22 | . 8 . 6 . 4 4 . Drop 70 | . 10 6 19 6 14 15 . Fire 286 | 3 97 16 90 14 4 62 . Melee 10 | . . . . . . 10 . Ram . | . . . . . . . . Kick . | . . . . . . . . Crush 9 | . . 1 3 . . 5 . Escape Stasis . | . . . . . . . . Rewire . | . . . . . . . . Trap . | . . . . . . . . Miscellaneous . | . . . . . . . . Route ------- -11/Scrapyard -10/Materials (discovered 5 exits: *Mat x3 / *Min x2) -10/Mines (discovered 2 exits: *Mat x2) -9/Materials (discovered 2 exits: [*Mat] / *Min) -9/Mines (discovered 2 exits: [*Mat] / *Exi) -9/Exiles (discovered 2 exits: [*Min x2]) -8/Mines (discovered 2 exits: [*Mat x2]) -8/Materials History --------- Turn | Location | Event 10 | -11/Scrapyard | Discovered new exit (range 3) 38 | -11/Scrapyard | Entered Materials 194 | -10/Materials | Identified exit to Mines 308 | -10/Materials | Build established: Mutant 374 | -10/Materials | Discovered new exit (range 10) 565 | -10/Materials | Discovered new exit (range 15) 973 | -10/Materials | Discovered new exit (range 16) 1403 | -10/Materials | Repaired Lgt. Assault Rifle 1430 | -10/Materials | Repaired Lrg. Storage Unit 1803 | -10/Materials | Entered Mines 1850 | -10/Mines | Learned location of Storage (-7) 2116 | -10/Mines | Assisted by bots powering up and referring to "LRC-V3" 2163 | -10/Mines | Discovered new exit (range 10) 2232 | -10/Mines | Learned Materials trap positions 2626 | -10/Mines | Discovered new exit (range 5) 2749 | -10/Mines | Met a Derelict who couldn't figure out how to use a Trap Extractor 2882 | -10/Mines | Entered Materials 2882 | -9/Materials | Accompanied by 4 allies 2882 | -9/Materials | Evolved 2 slots: Utility x2 2883 | -9/Materials | Loaded intel: 13 trap records 2887 | -9/Materials | Led the pair of lost Derelicts to an unsafe place 3170 | -9/Materials | Build established: Hauler-Mutant 3242 | -9/Materials | Discovered new exit (range 14) 3937 | -9/Materials | Build established: Scavenger-Mutant 4080 | -9/Materials | Discovered new exit (range 15) 4245 | -9/Materials | Repaired Hvy. Assault Rifle 4274 | -9/Materials | Repaired Lrg. Storage Unit 4343 | -9/Materials | Build established: Hauler-Mutant 4606 | -9/Materials | Entered Mines 4609 | -9/Mines | Received a Mining Laser from a helpful Derelict 4621 | -9/Mines | Learned location of Zion (-6) 4966 | -9/Mines | Received a Rocket Launcher from a helpful Derelict 4987 | -9/Mines | Discovered new exit (range 5) 5092 | -9/Mines | Met a Derelict shopkeep closing up shop 5172 | -9/Mines | Deemed a non-threat by the Exiles lab entrance 5172 | -9/Mines | Discovered new exit (range 5) 5179 | -9/Mines | Entered Exiles 5203 | -9/Exiles | Discovered new exit (range 15) 5295 | -9/Exiles | Met 8R-AWN 5324 | -9/Exiles | Met EX-HEX 5738 | -9/Exiles | Met EX-DEC 5993 | -9/Exiles | Met EX-BIN 6021 | -9/Exiles | Aligned with FarCom system 6023 | -9/Exiles | Given EX-Vault access code 6069 | -9/Exiles | Opened EX-Vault 6079 | -9/Exiles | Found Field Lobotomy Kit 6088 | -9/Exiles | Found Flying Fortress v7 6131 | -9/Exiles | Warned to stay clear of 0b10 Research branches 6154 | -9/Exiles | Exiles lab attacked by MAIN.C 6263 | -9/Exiles | Discovered new exit (range 10) 6292 | -9/Exiles | Attacked by the Exiles 6314 | -9/Exiles | Stole two prototypes: Flying Fortress v7, Field Lobotomy Kit 6314 | -9/Exiles | Entered Mines 6333 | -8/Mines | NK-0LA came to Exiles' defense 6356 | -8/Mines | System corruption reached 10% 6378 | -8/Mines | Core integrity fell below 50% 6417 | -8/Mines | Lost 11 parts (1p5n3u2w) 7693 | -8/Mines | Core integrity fell below 20% 7769 | -8/Mines | Discovered new exit (range 9) 7935 | -8/Mines | Build established: Scavenger-Mutant 8099 | -8/Mines | Discovered new exit (range 7) 8106 | -8/Mines | Found Prototype Device 8106 | -8/Mines | Identified EM Disruption Field 8111 | -8/Mines | Found Prototype Device 8111 | -8/Mines | Identified Thermal Barrier 8477 | -8/Mines | Entered Materials 8477 | -8/Materials | Evolved 2 slots: Propulsion x1, Utility x1 8478 | -8/Materials | Self-destructed Last Messages --------------- 08323_ System corrupted: Heat flow error (+156). 08324_ Acquired Terrain Scanner. 08327_ Acquired Prototype Leg. 08328_ Dropped Terrain Scanner. 08338_ System corrupted: Heat flow error (+281). 08358_ FFR0YH/QDOSQP5L2RRLVZSM 08363_ Slammed into U-05 Engineer. 08374_ System corrupted: Component data lost. 08406_ GKVUE/:#||VUJCEF OVUOQQAPFREO8<>JV0L>M 08417_ Slammed into K-01 Serf. 08445_ 0NWF=1P O%A0H#YC5N NHCEPCBP7E>O6CDW,BH 08455_ Acquired Prototype Leg. 08460_ System corrupted: Energy discharge (-37). 08460_ Acquired Mni. Grenade Launcher. 08465_ Acquired Exp. Heat Sink. 08468_ Acquired Lgt. Assault Rifle. 08475_ System corrupted: Energy discharge (-26). PARAMETERS=PROPULSION_1,UTILITY_1 LOCATION=UNKNOWN GOAL=ESCAPE Map ----- +----------------------------------------------------+ | | | | | | | | | | | | | | | | | | | | | | | | | | | | | | | | | ?????????????????????????????????????????????????? | | ?????????????????????????????????????????????????? | | ?????????????????????????????????????????????????? | | ?????????????????????????????????????????????????? | | ?????????????????????????????????????????????????? | | ?????????????????????????????????????????????????? | | ?????????????????????????????????????????????????? | | ???????????????????????#####?????????????????????? | | ???????????????????????# #?????????????????????? | | ???????????????????????# @ #?????????????????????? | | ???????????????????????# #?????????????????????? | | ???????????????????????# +?????????????????????? | | ???????????????????????# #?????????????????????? | | ???????????????????????# #?????????????????????? | | ???????????????????????# #?????????????????????? | | ???????????????????????# #?????????????????????? | | ???????????????????????# #?????????????????????? | | ???????????????????????# ?????????????????????? | | ???????????????????????# ?????????????????????? | | ???????????????????????# #?????????????????????? | | ???????????????????????# #?????????????????????? | | ???????????????????????# #?????????????????????? | | ???????????????????????? ??????????????????????? | | ???????????????????????? ??????????????????????? | | ???????????????????????? ??????????????????????? | | ?????????????????????????????????????????????????? | | ?????????????????????????????????????????????????? | | ?????????????????????????????????????????????????? | | ?????????????????????????????????????????????????? | | ?????????????????????????????????????????????????? | | ?????????????????????????????????????????????????? | | ?????????????????????????????????????????????????? | | ?????????????????????????????????????????????????? | | ?????????????????????????????????????????????????? | +----------------------------------------------------+ Best States ------------- Heat Dissipation 28 Energy Generation 29 Energy Capacity 340 Matter Stores 300 Matter Capacity 300 Sight Range 16 Terrain Scan Density 10 Armor Coverage 600 Resistance: KI 20 Evasion (%) 40 Recoil Reduction 2 Item Schematics ----------------- Plasma Cutter | -9/Materials | Scanalyzed Med. Storage Unit | -9/Materials | Scanalyzed Lrg. Storage Unit | -9/Materials | Scanalyzed Lgt. Angular Momentum Engine | -9/Materials | Scanalyzed Robot Schematics ------------------ None Fabricated ------------ Nothing Alien Tech Used ----------------- None Achievements -------------- None Challenges ------------ None Game ------ Seed SpikedSwarmMace Manual? 0 Play Time 00:58:47 Cumulative 693.2 hours Start 2020.05.21 @ 11:33:47 End 2020.05.22 @ 14:44:23 Sessions 4 Manual Loads 0 Difficulty Rogue Special Mode None Game No. 440 Rogue 440 Adventurer 0 Explorer 0 Win Type - Total 106 Types 72/6/8/10/5/1/4 Lore% 97 Gallery% 95 Achievement% 80 Wizard Run 0 Options --------- ASCII 0 Keyboard 0 Movement Numpad Keybinds 0 Fullscreen 2 Font 18/SmallcapsGlow Map View 76x50 Tactical HUD 1 Map Filters NONE Filters NONE Steam 1 RUN: 7d6781eb-9083-4db7-a233-d430ec6197fa